NCAA
COLORADO BUFFALOES @ SOUTH FLORIDA BULLS
05/18/2026
 
TOP OF THE 1ST
Colorado Buffaloes batting - Pitching for South Florida Bulls : RHP Wade Stover
Pitching: RHP Wade Stover
Batting: RHB Eddie Woods 0-0: Bunt for hit - play at first, batter safe!
Batting: LHB Marcos Fontanez 0-0: Called Strike
0-1: Ball
1-1: Ball
2-1: Foul Ball, location: 2F
2-2: Foul Ball, location: 2F
2-2: Fly out, F5 (Popup, 5)
Batting: RHB Bill Spence 0-0: Ball
1-0: Called Strike
Eddie Woods steals 2nd base
1-1: Called Strike
1-2: Strikes out swinging passed ball, reaches first!
Eddie Woods to third
Batting: LHB Ethan Shaw 0-0: Ball
1-0: Ball
2-0: Fly out, F7 (Flyball, 7M)
Runner from 3rd tags up, SCORES, no throw
Batting: LHB Mark Spencer 0-0: Ball
1-0: Ground out 2-3 (Groundball, 2R)
Top of the 1st over - 1 run(s), 1 hit(s), 0 error(s), 1 left on base; Colorado 1 - South Florida 0
BOTTOM OF THE 1ST
South Florida Bulls batting - Pitching for Colorado Buffaloes : RHP Larry Johnston
Pitching: RHP Larry Johnston
Batting: RHB Dave Anderson 0-0: Ball
1-0: Ball
2-0: Fly out, F8 (Line Drive, 8LM)
Batting: RHB Roberto Camacho 0-0: Called Strike
0-1: Ball
1-1: Swinging Strike
1-2: Strikes out swinging
Batting: LHB Bob Bush 0-0: Ground out 4-3 (Groundball, 4)
Bottom of the 1st over - 0 run(s), 0 hit(s), 0 error(s), 0 left on base; Colorado 1 - South Florida 0
TOP OF THE 2ND
Colorado Buffaloes batting - Pitching for South Florida Bulls : RHP Wade Stover
Batting: RHB John Jones 0-0: Foul Ball, location: 2F
0-1: DOUBLE (Groundball, 5L)
Batting: LHB Jack Jefferson 0-0: Foul Ball, location: 2F
0-1: Ground out 4-3 (Groundball, 34)
John Jones to third
Batting: SHB Caleb Hart 0-0: Ball
1-0: SINGLE (Groundball, 6MD)
John Jones scores
Batting: RHB Roger Lamb 0-0: Called Strike
0-1: Swinging Strike
0-2: Strikes out swinging
Batting: RHB Eddie Woods 0-0: Ball
1-0: Ground out 4-3 (Groundball, 4)
Top of the 2nd over - 1 run(s), 2 hit(s), 0 error(s), 1 left on base; Colorado 2 - South Florida 0
BOTTOM OF THE 2ND
South Florida Bulls batting - Pitching for Colorado Buffaloes : RHP Larry Johnston
Batting: RHB Leonardo Sinisterra 0-0: Called Strike
0-1: Ball
1-1: Fly out, F9 (Line Drive, 9LM)
Batting: LHB Pat Lee 0-0: Ground out 6-3 (Groundball, 6)
Batting: RHB Pancho Reyna 0-0: Ball
1-0: Foul Ball, location: 2F
1-1: Ball
2-1: Ball
3-1: Base on Balls
Batting: RHB Víctor Pérez 0-0: Called Strike
0-1: Ball
1-1: Ball
2-1: Foul Ball, location: 2F
2-2: Foul Ball, location: 2F
2-2: SINGLE (Groundball, 56)
Pancho Reyna to second
Batting: RHB Warren Strathbogie 0-0: Ball
1-0: Called Strike
1-1: Ball
2-1: Ball
3-1: Called Strike
3-2: Strikes out swinging
Bottom of the 2nd over - 0 run(s), 1 hit(s), 0 error(s), 2 left on base; Colorado 2 - South Florida 0
TOP OF THE 3RD
Colorado Buffaloes batting - Pitching for South Florida Bulls : RHP Wade Stover
Batting: LHB Marcos Fontanez 0-0: Ground out 5-3 (Groundball, 56)
Batting: RHB Bill Spence 0-0: Called Strike
0-1: SINGLE (Groundball, 56D)
Batting: LHB Ethan Shaw 0-0: Called Strike
0-1: SINGLE (Groundball, 34D)
Bill Spence to second
Runner from 2nd tries for 3rd, SAFE, no throw or cutoff
Batting: LHB Mark Spencer 0-0: Ball
1-0: Ball
2-0: Foul Ball, location: 2F
2-1: Ball
3-1: Base on Balls
Ethan Shaw to second
Batting: RHB John Jones 0-0: Called Strike
0-1: Ball
Wild Pitch!
Bill Spence scores
Ethan Shaw to third
Mark Spencer to second
1-1: Ball
2-1: Swinging Strike
2-2: Fly out, F8 (Flyball, 8RM)
Runner from 3rd tags up, SCORES, throw made
Batting: LHB Jack Jefferson 0-0: Foul Ball, location: 2F
0-1: Foul Ball, location: 2F
0-2: Foul Ball, location: 2F
0-2: Strikes out swinging
Top of the 3rd over - 2 run(s), 2 hit(s), 0 error(s), 1 left on base; Colorado 4 - South Florida 0
BOTTOM OF THE 3RD
South Florida Bulls batting - Pitching for Colorado Buffaloes : RHP Larry Johnston
Batting: LHB Eric Mendoza 0-0: Foul Ball, location: 2F
0-1: Ball
1-1: Ball
2-1: Swinging Strike
2-2: Foul Ball, location: 2F
2-2: Ball
3-2: Strikes out looking
Batting: RHB Dave Anderson 0-0: Called Strike
0-1: Ground out 5-3 (Groundball, 5L)
Batting: RHB Roberto Camacho 0-0: Foul Ball, location: 2F
0-1: Ball
1-1: Foul Ball, location: 2F
1-2: Strikes out swinging
Bottom of the 3rd over - 0 run(s), 0 hit(s), 0 error(s), 0 left on base; Colorado 4 - South Florida 0
TOP OF THE 4TH
Colorado Buffaloes batting - Pitching for South Florida Bulls : RHP Wade Stover
Batting: SHB Caleb Hart 0-0: Called Strike
0-1: Ball
1-1: Foul Ball, location: 2F
1-2: Strikes out swinging
Batting: RHB Roger Lamb 0-0: Called Strike
0-1: Ball
1-1: Foul Ball, location: 2F
1-2: Strikes out swinging
Batting: RHB Eddie Woods 0-0: Ball
1-0: Ball
2-0: Foul Ball, location: 2F
2-1: Ground out 6-3 (Groundball, 6)
Top of the 4th over - 0 run(s), 0 hit(s), 0 error(s), 0 left on base; Colorado 4 - South Florida 0
BOTTOM OF THE 4TH
South Florida Bulls batting - Pitching for Colorado Buffaloes : RHP Larry Johnston
Batting: LHB Bob Bush 0-0: Foul Ball, location: 2F
0-1: Ball
1-1: Ground out U3 (Groundball, 3L)
Batting: RHB Leonardo Sinisterra 0-0: Swinging Strike
0-1: Foul Ball, location: 2F
0-2: Ground out 6-3 (Groundball, 6)
Batting: LHB Pat Lee 0-0: Called Strike
0-1: Called Strike
0-2: Strikes out swinging
Bottom of the 4th over - 0 run(s), 0 hit(s), 0 error(s), 0 left on base; Colorado 4 - South Florida 0
TOP OF THE 5TH
Colorado Buffaloes batting - Pitching for South Florida Bulls : RHP Wade Stover
Batting: LHB Marcos Fontanez 0-0: Swinging Strike
0-1: Called Strike
0-2: Foul Ball, location: 2F
0-2: Ground out 4-3 (Groundball, 4)
Batting: RHB Bill Spence 0-0: Ball
1-0: SOLO HOME RUN (Flyball, 8LXD), Distance : 407 ft
Batting: LHB Ethan Shaw 0-0: Ball
1-0: Foul Ball, location: 2F
1-1: Ground out 4-3 (Groundball, 4)
Batting: LHB Mark Spencer 0-0: Swinging Strike
0-1: SOLO HOME RUN (Flyball, 89XD), Distance : 372 ft
Batting: RHB John Jones 0-0: Called Strike
0-1: SINGLE (Groundball, 15S) (infield hit)
Batting: LHB Jack Jefferson 0-0: Ball
1-0: Called Strike
1-1: Ball
2-1: Called Strike
2-2: Foul Ball, location: 2F
2-2: Ball
3-2: Fly out, F7 (Flyball, 78M)
Top of the 5th over - 2 run(s), 3 hit(s), 0 error(s), 1 left on base; Colorado 6 - South Florida 0
BOTTOM OF THE 5TH
South Florida Bulls batting - Pitching for Colorado Buffaloes : RHP Larry Johnston
Batting: RHB Pancho Reyna 0-0: Ball
1-0: Called Strike
1-1: Foul Ball, location: 2F
1-2: DOUBLE (Groundball, 5L)
Batting: RHB Víctor Pérez 0-0: Fly out, F3 (Popup, 3F)
Batting: RHB Warren Strathbogie 0-0: Foul Ball, location: 2F
0-1: Ground out 6-3 (Groundball, 6)
Batting: LHB Eric Mendoza 0-0: SINGLE (Groundball, 34D)
Pancho Reyna to third
Runner from 3rd tries for Home, SAFE, throw made home
Batting: RHB Dave Anderson 0-0: Ball
1-0: SINGLE (Groundball, 4MD)
Eric Mendoza to second
Batting: RHB Roberto Camacho 0-0: Foul Ball, location: 2F
0-1: Ball
1-1: Foul Ball, location: 2F
1-2: SINGLE (Groundball, 6MD)
Eric Mendoza to third
Dave Anderson to second
Runner from 3rd tries for Home, SAFE, no throw or cutoff
Batting: LHB Bob Bush 0-0: Ball
1-0: Ground out 4-3 (Groundball, 4)
Bottom of the 5th over - 2 run(s), 4 hit(s), 0 error(s), 2 left on base; Colorado 6 - South Florida 2
TOP OF THE 6TH
Colorado Buffaloes batting - Pitching for South Florida Bulls : RHP Wade Stover
Batting: SHB Caleb Hart 0-0: Ball
1-0: Called Strike
1-1: Foul Ball, location: 2F
1-2: Ball
2-2: Foul Ball, location: 2F
2-2: Ball
3-2: Base on Balls
Pitching: RHP Ken Harrell
Batting: RHB Roger Lamb 0-0: Called Strike
0-1: Ball
1-1: Swinging Strike
1-2: Ball
2-2: Strikes out swinging
Batting: RHB Eddie Woods 0-0: Swinging Strike
0-1: Called Strike
0-2: Ball
1-2: Foul Ball, location: 2F
1-2: Strikes out swinging
Batting: LHB Marcos Fontanez 0-0: Foul Ball, location: 2F
0-1: Fly out, F6 (Popup, 5DF)
Top of the 6th over - 0 run(s), 0 hit(s), 0 error(s), 1 left on base; Colorado 6 - South Florida 2
BOTTOM OF THE 6TH
South Florida Bulls batting - Pitching for Colorado Buffaloes : RHP Larry Johnston
Batting: RHB Leonardo Sinisterra 0-0: Ground out 6-3 (Groundball, 6)
Batting: LHB Pat Lee 0-0: Called Strike
0-1: Ball
1-1: Swinging Strike
1-2: Ground out 3-1 (Groundball, 34)
Batting: RHB Pancho Reyna 0-0: Swinging Strike
0-1: Called Strike
0-2: SOLO HOME RUN (Flyball, 7D), Distance : 356 ft
Batting: RHB Víctor Pérez 0-0: Ball
1-0: Called Strike
1-1: Ground out U3 (Groundball, 3)
Bottom of the 6th over - 1 run(s), 1 hit(s), 0 error(s), 0 left on base; Colorado 6 - South Florida 3
TOP OF THE 7TH
Colorado Buffaloes batting - Pitching for South Florida Bulls : RHP Ken Harrell
Batting: RHB Bill Spence 0-0: Swinging Strike
0-1: Called Strike
0-2: Ball
1-2: Ball
2-2: Fly out, F8 (Flyball, 8LD)
Batting: LHB Ethan Shaw 0-0: Ball
1-0: Ball
2-0: Called Strike
2-1: Ball
3-1: Foul Ball, location: 2F
3-2: Ground out 4-3 (Groundball, 4)
Batting: LHB Mark Spencer 0-0: Ball
1-0: SINGLE (Flyball, 7S)
Batting: RHB John Jones 0-0: Ball
1-0: Swinging Strike
1-1: Ball
2-1: SINGLE (Line Drive, 89S)
Mark Spencer to second
Batting: LHB Jack Jefferson 0-0: Foul Ball, location: 2F
0-1: Ball
1-1: Swinging Strike
1-2: Strikes out swinging
Top of the 7th over - 0 run(s), 2 hit(s), 0 error(s), 2 left on base; Colorado 6 - South Florida 3
BOTTOM OF THE 7TH
South Florida Bulls batting - Pitching for Colorado Buffaloes : RHP Larry Johnston
Batting: RHB Warren Strathbogie 0-0: Called Strike
0-1: Foul Ball, location: 2F
0-2: Ball
1-2: Ball
2-2: Strikes out looking
Pitching: LHP Terry Stanley
Batting: LHB Eric Mendoza 0-0: Ball
1-0: Called Strike
1-1: SOLO HOME RUN (Flyball, 8RXD), Distance : 386 ft
Batting: RHB Dave Anderson 0-0: Ball
1-0: Foul Ball, location: 2F
1-1: Ground out 6-3 (Groundball, 6)
Batting: RHB Roberto Camacho 0-0: Ball
1-0: Ball
2-0: Ball
3-0: Base on Balls
Batting: LHB Bob Bush 0-0: Ball
1-0: Foul Ball, location: 2F
1-1: Swinging Strike
1-2: Strikes out swinging
Bottom of the 7th over - 1 run(s), 1 hit(s), 0 error(s), 1 left on base; Colorado 6 - South Florida 4
TOP OF THE 8TH
Colorado Buffaloes batting - Pitching for South Florida Bulls : RHP Ken Harrell
Pitching: LHP Michel Bachand
Batting: SHB Caleb Hart 0-0: Called Strike
0-1: Swinging Strike
0-2: Strikes out swinging
Batting: RHB Roger Lamb 0-0: Ball
1-0: Foul Ball, location: 2F
1-1: Foul Ball, location: 2F
1-2: Ground out 6-3 (Groundball, 6)
Batting: RHB Eddie Woods 0-0: Foul Ball, location: 2F
0-1: Called Strike
0-2: Ball
1-2: Ball
2-2: Strikes out swinging
Top of the 8th over - 0 run(s), 0 hit(s), 0 error(s), 0 left on base; Colorado 6 - South Florida 4
BOTTOM OF THE 8TH
South Florida Bulls batting - Pitching for Colorado Buffaloes : LHP Terry Stanley
Batting: RHB Leonardo Sinisterra 0-0: Called Strike
0-1: Ball
1-1: Ball
2-1: Foul Ball, location: 2F
2-2: Ball
3-2: Base on Balls
Batting: LHB Pat Lee 0-0: Foul Ball, location: 2F
0-1: Swinging Strike
0-2: Ball
1-2: Strikes out swinging
Pitching: RHP Jason Karnes
Batting: RHB Pancho Reyna 0-0: Called Strike
0-1: SINGLE (Groundball, 5D)
Leonardo Sinisterra to second
Batting: RHB Víctor Pérez 0-0: Called Strike
0-1: Ball
1-1: Foul Ball, location: 2F
1-2: Foul Ball, location: 2F
1-2: Foul Ball, location: 2F
1-2: SINGLE (Line Drive, 7LM)
Leonardo Sinisterra to third
Pancho Reyna to second
Runner from 3rd tries for Home, SAFE, no throw or cutoff
Batting: RHB Warren Strathbogie 0-0: Ball
1-0: Fly out, F9 (Line Drive, 9M)
Pitching: LHP Steve Yates
Pinch Hitting: RHB Ronnie Rogers 0-0: Ball
1-0: Ball
2-0: Ball
3-0: Called Strike
3-1: Called Strike
3-2: Base on Balls
Pancho Reyna to third
Víctor Pérez to second
Pitching: RHP Cole Reynolds
Batting: RHB Dave Anderson 0-0: SINGLE (Line Drive, 4D)
Pancho Reyna scores
Víctor Pérez to third
Ronnie Rogers to second
Batting: RHB Roberto Camacho 0-0: Called Strike
0-1: Ball
1-1: Foul Ball, location: 2F
1-2: Strikes out swinging
Bottom of the 8th over - 2 run(s), 3 hit(s), 0 error(s), 3 left on base; Colorado 6 - South Florida 6
TOP OF THE 9TH
Colorado Buffaloes batting - Pitching for South Florida Bulls : LHP Michel Bachand
Pitching: RHP Dong-hua Mei
Now at 1B: Joe LaFontaine
Batting: LHB Marcos Fontanez 0-0: Ball
1-0: Called Strike
1-1: Foul Ball, location: 2F
1-2: Ball
2-2: Strikes out looking
Batting: RHB Bill Spence 0-0: Called Strike
0-1: Ground out U3 (Groundball, 3)
Batting: LHB Ethan Shaw 0-0: Called Strike
0-1: Ball
1-1: Ground out 5-3 (Groundball, 15S)
Top of the 9th over - 0 run(s), 0 hit(s), 0 error(s), 0 left on base; Colorado 6 - South Florida 6
BOTTOM OF THE 9TH
South Florida Bulls batting - Pitching for Colorado Buffaloes : RHP Cole Reynolds
Pitching: RHP Ralph Williams
Batting: LHB Bob Bush 0-0: Ball
1-0: SINGLE (Groundball, 6MD)
Batting: RHB Leonardo Sinisterra 0-0: Ball
1-0: Swinging Strike
1-1: Ball
2-1: Ball
3-1: Swinging Strike
3-2: Strikes out swinging
Batting: LHB Pat Lee 0-0: Ball
1-0: Called Strike
1-1: DOUBLE (Flyball, 89XD)
Bob Bush to third
Batting: RHB Pancho Reyna 0-0: Intentional Walk
Batting: RHB Víctor Pérez 0-0: Ball
1-0: Called Strike
1-1: GRAND SLAM HOME RUN (Flyball, 8RXD), Distance : 404 ft
Monday, December 5th, 2016 - OOTP Baseball 17.12 Build 75